 Seeded DCSS version 0.30-a0-629-gd54f4be4f7 (webtiles) character file.

Game seed: 13946130151040531641 (custom seed)

36640 drewk1942 the Warrior (level 13, -6/92 HPs)
             Began as a Gargoyle Earth Elementalist on Jan 12, 2023.
             Was an Elder of Vehumet.
             Mangled by a dire elephant (30 damage)
             ... on level 5 of the Lair of Beasts.
             The game lasted 00:47:08 (16115 turns).

drewk1942 the Warrior (GrEE)                       Turns: 16115, Time: 00:47:09

Health: -6/92      AC: 18    Str: 11    XL:     13   Next: 91%
Magic:  23/34      EV: 19    Int: 29    God:    Vehumet [****..]
Gold:   1256       SH:  0    Dex: 10    Spells: 9/29 levels left

rFire   + . .      SeeInvis .    K - +6 rapier of Moeveora {venom, rC+ Int+3}
rCold   + . .      Faith    +    (no shield)
rNeg    + . .      Spirit   .    q - +0 steam dragon scales
rPois   ∞          Reflect  .    A - +0 helmet
rElec   +          Harm     .    z - +0 cloak
rCorr   .          Rampage  .    w - +0 pair of gloves
Will    .....                    s - +0 pair of boots
Stlth   +++                      M - amulet of faith
HPRegen 0.35/turn                c - +5 ring of evasion
MPRegen 0.24/turn                e - ring "Gutim" {rC+ MP+9 Int+4 Stlth+}

@: no status effects
A: sickness immunity, AC +9, negative energy resistance 1, electricity
resistance, torment resistance 1, petrification resistance, fire resistance 1,
cold vulnerability 1
a: Renounce Religion


You were on level 5 of the Lair of Beasts.
You worshipped Vehumet.
Vehumet was greatly pleased with you.
You visited 4 branches of the dungeon, and saw 19 of its levels.

You collected 1256 gold pieces.

Inventory:

Hand Weapons
 f - a +5 dagger of electrocution
 E - a +1 rapier of electrocution
 K - the +6 rapier of Moeveora (weapon) {venom, rC+ Int+3}
   (You took it off Sonja on level 10 of the Dungeon)

   Int:       It affects your intelligence (+3).
   rC:        It protects you from cold.
 N - a +2 dagger of venom
 O - a +2 short sword of distortion
Missiles
 o - a silver boomerang
 u - 47 poisoned darts
 F - 4 atropa-tipped darts
 L - 2 curare-tipped darts
Armour
 a - a +0 robe
 j - the +2 leather armour "Pipty" {Rampage Will+}
   (You found it on level 4 of the Dungeon)

   Rampage:   It bestows one free step when moving towards enemies.
   Will:      It increases your willpower.
 q - +0 steam dragon scales (worn)
 s - a +0 pair of boots (worn)
 w - a +0 pair of gloves (worn)
 z - a +0 cloak (worn)
 A - a +0 helmet (worn)
Magical Staves
 k - a staff of air
Jewellery
 c - a +5 ring of evasion (left hand)
 e - the ring "Gutim" (right hand) {rC+ MP+9 Int+4 Stlth+}
   (You acquired it on level 2 of the Dungeon)

   [ring of magical power]

   Int:       It affects your intelligence (+4).
   rC:        It protects you from cold.
   MP:        It affects your magic capacity (+9).
   Stlth:     It makes you more stealthy.
 l - a ring "Zudysh" {rF+ SInv}
   (You found it on level 8 of the Dungeon)

   [ring of protection from fire]

   rF:        It protects you from fire.
   SInv:      It lets you see invisible.
 C - a ring of willpower
 I - a ring of ice
 M - an amulet of faith (around neck)
 T - a ring of see invisible
 U - a ring of flight
 W - a ring of positive energy
Wands
 v - a wand of charming (23)
 B - a wand of flame (32)
 G - a wand of roots (4)
Scrolls
 d - 6 scrolls of teleportation
 r - a scroll of identify
 x - 4 scrolls of poison
 y - 2 scrolls of fog
 D - 2 scrolls of fear
 J - a scroll of noise
 P - 3 scrolls of amnesia
 S - 2 scrolls of blinking
Potions
 g - 5 potions of curing
 h - 3 potions of cancellation
 i - 3 potions of attraction
 m - 4 potions of heal wounds
 n - 12 potions of degeneration
 p - a potion of ambrosia
 t - a potion of lignification
 H - 2 potions of mutation
 Q - a potion of berserk rage
 R - 2 potions of haste
 V - a potion of brilliance


   Skills:
 * Level 15.1 Fighting
 - Level 6.5 Short Blades
 + Level 7.3 Dodging
 - Level 2.2 Stealth
 + Level 8.5 Spellcasting
 + Level 6.1 Conjurations
 - Level 5.8 Transmutations
 + Level 5.6 Fire Magic
 - Level 6.5 Ice Magic
 + Level 4.8 Air Magic
 - Level 9.2 Earth Magic


You had 9 spell levels left.
You knew the following spells:

 Your Spells              Type           Power      Damage    Failure   Level
a - Sandblast             Erth           100%       2d20      1%          1
b - Frozen Ramparts       Ice            100%       1d16      1%          3
c - Stone Arrow           Conj/Erth      100%       3d13      1%          3
d - Hailstorm             Conj/Ice       49%        3d11      1%          3
e - Fireball              Conj/Fire      23%        3d11      3%          5
f - Iskenderun's Battles  Conj           47%        2d10      2%          5

Your spell library contained the following spells:

 Spells                   Type           Power      Damage    Failure   Level
 Beastly Appendage        Tmut           92%        N/A       1%          1
 Freeze                   Ice            100%       1d10      1%          1
 Kiss of Death            Conj/Necr      100%       2d13      1%          1
 Passwall                 Tmut/Erth      45%        N/A       1%          2
 Wereblood                Tmut           46%        N/A       1%          2
 Ignite Poison            Fire/Tmut/Pois 34%        N/A       1%          3
 Kindle Blastsparks       Fire/Tloc/Air  64%        2d15      1%          3
 Petrify                  Tmut/Erth      54%        N/A       1%          4
 Freezing Cloud           Conj/Ice/Air   23%        6-21      3%          5
 Slow                     Hex            48%        N/A       4%          1
 Spider Form              Tmut/Pois      29%        N/A       4%          3
 Confusing Touch          Hex            12%        N/A       13%         3
 Vampiric Draining        Necr           12%        2d6       13%         3
 Summon Lightning Spire   Summ/Air       26%        N/A       16%         4
 Dispel Undead            Necr           12%        3d9       41%         4
 Storm Form               Tmut/Air       21%        N/A       99%         7
 Maxwell's Capacitive Co  Air            20%        ∞         100%        8


Dungeon Overview and Level Annotations

Branches:
Dungeon (11/15)            Temple (1/1) D:6            Lair (5/5) D:8
 Shoals (0/4) Lair:2        Snake (0/4) Lair:3        Slime (0/5) Lair:4
    Orc (2/2) D:9
    Elf: Orc:2

Altars:
Ashenzari
Cheibriados
Dithmenos
Elyvilon
Fedhas
Gozag
Hepliaklqana
Kikubaaqudgha
Makhleb
Nemelex Xobeh
Okawaru
Qazlal
Ru
Trog
Uskayaw
Vehumet
Wu Jian
Xom
Yredelemnul
Zin
The Shining One

Shops:
D:1 (   Orc:2 [[*?

Annotations:
Lair:3 1 runed translucent door, BlueFish's ghost, journeyman TeAE
Lair:5 exclusion: obsidian statue


Innate Abilities, Weirdness & Mutations

You are immune to sickness and miasma.
Your stone body is resilient. (AC +9)
You are immune to poison.
You resist negative energy. (rN+)
You are resistant to electric shocks. (rElec)
You are resistant to unholy torment.
You are immune to petrification.
Your flesh is heat resistant. (rF+)
You are vulnerable to cold. (rC-)


Message History

The wall freezes the necromancer!
A dire elephant simulacrum comes into view.
You puncture the dire elephant!
The dire elephant is poisoned.
The dire elephant is moderately wounded.
The wall freezes the dire elephant but does no damage.
The dire elephant tramples you!
You hold your ground!
The dire elephant barely misses you.
You hit the dire elephant but do no damage.
The dire elephant looks as sick as possible!
The dire elephant is moderately wounded.
The spectral anaconda resists.
The wall freezes the spectral anaconda.
The wall freezes the necromancer!
You kill the necromancer!
Vehumet accepts your kill.
You feel your power returning.
The dire elephant simulacrum completely resists.
The wall freezes the dire elephant simulacrum but does no damage.
The dire elephant simulacrum completely misses you.
The dire elephant simulacrum trunk-slaps you but does no damage.
The wall freezes the dire elephant.
The wall freezes the spectral anaconda but does no damage.
The wall freezes the dire elephant but does no damage.
You hit the dire elephant but do no damage.
The dire elephant looks as sick as possible!
The dire elephant is moderately wounded.
The spectral anaconda resists.
The wall freezes the spectral anaconda.
The dire elephant simulacrum completely resists.
The wall freezes the dire elephant simulacrum but does no damage.
The dire elephant simulacrum tramples you but does no damage.
The dire elephant simulacrum trunk-slaps you but does no damage.
The wall freezes the dire elephant.
You hit the dire elephant.
The dire elephant is poisoned.
The dire elephant is lightly wounded.
The wall freezes the spectral anaconda but does no damage.
The wall freezes the dire elephant.
The dire elephant tramples you!!
* * * LOW HITPOINT WARNING * * *
You stumble backwards!
The frozen ramparts melt away as you move.
The dire elephant tramples you!!
You die...

.#........#.####Y'#
##.#......#.##.≈≈~##
.P.#......#.#.~≈≈≈~#
..........#.# ~≈≈~~#
..........#.## ≈~..
..........#..# ..#
..........##.####Z##
..#.......♣#...#8Y8#
.#.#.......###.#@Y.#
.##........P##.##Z.###
............♣#..#..'.##
............♣##.#P.'..###
...........P♣ #.####....#
#.P........♣# #....'...##
#.........P######..'...##
.#........♣#...'..8#....#
##........♣#P.P#####...##


You could see 2 dire elephants, a spectral anaconda and a dire elephant
simulacrum.

Vanquished Creatures
  A dire elephant (Lair:5)
  2 hydras
  A boulder beetle (Lair:5)
  8 death yaks
  2 spectral death yaks (Lair:5)
  Sonja (D:10)
  A lindwurm (Lair:5)
  2 harpies (Lair:2)
  An orc sorcerer (Orc:1)
  4 necromancers (Lair:5)
  Joseph (D:8)
  18 elephants
  3 black mambas
  Maggie (D:7)
  3 cane toads
  2 rime drakes
  Psyche (D:10)
  2 polar bears
  A troll (D:10)
  Prince Ribbit (D:6)
  2 hornets (D:10)
  3 blink frogs (Lair:2)
  18 yaks
  4 basilisks
  5 wyverns
  A death yak simulacrum (Lair:5)
  A steam dragon (D:5)
  Menkaure (D:7)
  4 nagas (Lair:3)
  Duvessa (D:7)
  An acid dragon (D:8)
  11 water moccasins
  A spectral cane toad (Lair:5)
  11 orc warriors
  An elephant zombie (Lair:5)
  A swamp drake (D:9)
  4 ice beasts
  A black bear (Lair:4)
  12 wolves
  4 centaurs
  6 ogres
  5 phantoms
  4 kobold brigands
  Blork the orc (D:6)
  7 bullfrogs
  6 scorpions
  4 wights (D:9)
  Dowan (D:7)
  9 killer bees
  A howler monkey (D:9)
  An electric eel (Lair:5)
  14 orc priests
  A gnoll bouda (D:5)
  4 jellies
  5 hounds
  Jessica (D:3)
  Ijyb (D:3)
  Terence (D:3)
  11 orc wizards
  4 iguanas
  6 hell rats (Lair:4)
  7 gnolls
  6 adders
  2 shadow imps (D:7)
  An ufetubus (D:4)
  3 worms
  3 dart slugs
  67 orcs
  6 bats
  10 endoplasms
  3 giant cockroaches
  13 goblins
  4 hobgoblins
  10 ball pythons
  4 frilled lizards
  27 kobolds
  8 rats
410 creatures vanquished.

Vanquished Creatures (others)
  10 fungi
  32 plants
  14 withered plants (Lair:5)
56 creatures vanquished.

Grand Total: 466 creatures vanquished

Notes
Turn   | Place    | Note
-------+----------+-------------------------------------------
     0 | D:1      | drewk1942 the Gargoyle Earth Elementalist began the quest
                  | for the Orb.
     0 | D:1      | Reached XP level 1. HP: 10/10 MP: 3/3
    45 | D:1      | Found a faded altar of an unknown god.
   170 | D:1      | Reached skill level 1 in Transmutations
   342 | D:1      | Reached XP level 2. HP: 15/15 MP: 1/5
  1123 | D:1      | Found Satoxzas's Antique Weapon Boutique.
  1202 | D:2      | Reached XP level 3. HP: 19/19 MP: 3/6
  1394 | D:2      | Learned a level 3 spell: Frozen Ramparts
  1640 | D:2      | Reached XP level 4. HP: 24/24 MP: 6/8
  1760 | D:2      | Reached skill level 1 in Ice Magic
  1906 | D:2      | Found a shadowy altar of Dithmenos.
  2095 | D:2      | Reached XP level 5. HP: 28/28 MP: 6/9
  2220 | D:2      | Identified a scroll of acquirement
  2220 | D:2      | Acquired the ring "Gutim" {rC+ MP+9 Int+4 Stlth+}
  2341 | D:3      | Noticed Terence
  2346 | D:3      | Killed Terence
  2458 | D:3      | Noticed Jessica
  2460 | D:3      | Killed Jessica
  2461 | D:3      | Reached skill level 5 in Earth Magic
  2777 | D:3      | Noticed Ijyb
  2787 | D:3      | Killed Ijyb
  2788 | D:3      | Reached XP level 6. HP: 23/32 MP: 11/11
  3434 | D:4      | Identified the +2 leather armour "Pipty" {Rampage Will+}
  3579 | D:4      | Reached skill level 1 in Short Blades
  3579 | D:4      | Reached XP level 7. HP: 30/36 MP: 12/12
  4353 | D:5      | Entered Level 5 of the Dungeon
  4501 | D:5      | Reached XP level 8. HP: 34/41 MP: 14/14
  4568 | D:5      | Found a glowing silver altar of Zin.
  4585 | D:5      | Found a sacrificial altar of Ru.
  4630 | D:5      | Found a glowing golden altar of the Shining One.
  4674 | D:5      | Found an iron altar of Okawaru.
  4871 | D:5      | Reached skill level 1 in Fighting
  4927 | D:5      | Reached skill level 2 in Fighting
  4927 | D:5      | Reached XP level 9. HP: 48/48 MP: 16/16
  5185 | D:6      | Found a staircase to the Ecumenical Temple.
  5203 | D:6      | Reached skill level 3 in Fighting
  5213 | Temple   | Entered the Ecumenical Temple
  5449 | Temple   | Became a worshipper of Vehumet
  5489 | D:6      | Reached skill level 5 in Spellcasting
  5521 | D:6      | Reached skill level 4 in Fighting
  5557 | D:6      | Noticed Blork the orc
  5565 | D:6      | Killed Blork the orc
  5764 | D:6      | Reached skill level 5 in Fighting
  5880 | D:6      | Found a broken altar of Ashenzari.
  6032 | D:6      | Reached * piety under Vehumet
  6032 | D:6      | Offered knowledge of Shock by Vehumet.
  6197 | D:6      | Noticed Prince Ribbit
  6200 | D:6      | Killed Prince Ribbit
  6201 | D:6      | Reached skill level 6 in Fighting
  6254 | D:6      | Reached skill level 5 in Ice Magic
  6265 | D:6      | Found a basalt altar of Yredelemnul.
  6401 | D:7      | Noticed Dowan
  6402 | D:7      | Killed Dowan
  6402 | D:7      | Noticed Duvessa
  6410 | D:7      | Killed Duvessa
  6461 | D:7      | Found an ornate altar of the Wu Jian Council.
  6466 | D:7      | Noticed Maggie
  6470 | D:7      | Killed Maggie
  6471 | D:7      | Reached XP level 10. HP: 37/61 MP: 18/18
  6555 | D:7      | Learned a level 3 spell: Stone Arrow
  6612 | D:7      | Noticed Menkaure
  6614 | D:7      | Killed Menkaure
  6615 | D:7      | Reached skill level 7 in Fighting
  6627 | D:7      | Found a hazy altar of Hepliaklqana.
  7136 | D:8      | Noticed Joseph
  7139 | D:8      | Killed Joseph
  7140 | D:8      | Reached skill level 5 in Transmutations
  7216 | D:8      | Found a sparkling altar of Nemelex Xobeh.
  7233 | D:8      | Reached ** piety under Vehumet
  7233 | D:8      | Offered knowledge of Searing Ray by Vehumet.
  7234 | D:8      | Reached skill level 8 in Fighting
  7331 | D:8      | Identified the +8 battleaxe of the Vestibule of Hell {elec,
                  | Fragile Str+3 Int+2 Dex+3}
  7498 | D:8      | Found a staircase to the Lair.
  7547 | D:8      | Identified a ring "Zudysh" {rF+ SInv}
  7968 | D:9      | Reached skill level 9 in Fighting
  8156 | D:9      | Found a staircase to the Orcish Mines.
  8314 | D:9      | Offered knowledge of Inner Flame by Vehumet.
  8316 | D:9      | Reached skill level 5 in Dodging
  8317 | D:9      | Reached skill level 5 in Short Blades
  8321 | D:9      | Reached XP level 11. HP: 65/72 MP: 15/20
  8327 | D:9      | Reached *** piety under Vehumet
  8333 | D:9      | Reached skill level 10 in Fighting
  8903 | D:9      | Gained mutation: Your flesh is heat resistant. (rF+)
                  | [potion of mutation]
  8903 | D:9      | Gained mutation: You are vulnerable to cold. (rC-) [potion
                  | of mutation]
  8969 | D:10     | Entered Level 10 of the Dungeon
  8992 | D:10     | Offered knowledge of Airstrike by Vehumet.
  9005 | D:10     | Learned a level 3 spell: Hailstorm
  9052 | D:10     | Noticed Sonja
  9055 | D:10     | Identified the +6 rapier of Moeveora {venom, rC+ Int+3}
  9063 | D:10     | Killed Sonja
  9077 | D:10     | Noticed Psyche
  9087 | D:10     | Killed Psyche
  9192 | D:10     | Noticed a centaur warrior
  9295 | Orc:1    | Entered Level 1 of the Orcish Mines
  9305 | Orc:1    | Reached skill level 1 in Air Magic
  9438 | Orc:1    | Noticed an orc sorcerer
  9446 | Orc:1    | Paralysed by an orc sorcerer for 3 turns
  9448 | Orc:1    | Noticed a soul eater
  9451 | Orc:1    | Killed an orc sorcerer
  9452 | Orc:1    | Reached skill level 11 in Fighting
  9821 | Orc:2    | Entered Level 2 of the Orcish Mines
  9821 | Orc:2    | Found Feunydoth's Magic Scroll Shoppe.
  9821 | Orc:2    | Found Pejelu's Antique Armour Shoppe.
  9821 | Orc:2    | Found Werae's Assorted Antiques.
  9821 | Orc:2    | Found Liemmud's Antique Armour Emporium.
  9821 | Orc:2    | Noticed an orc knight
  9821 | Orc:2    | Noticed an orc knight
  9821 | Orc:2    | Noticed an orc high priest
  9821 | Orc:2    | Noticed an orc high priest
  9821 | Orc:2    | Noticed an orc knight
  9821 | Orc:2    | Noticed an orc knight
  9821 | Orc:2    | Noticed an orc high priest
  9821 | Orc:2    | Noticed an orc high priest
  9822 | Orc:2    | Noticed an orc knight
  9822 | Orc:2    | Noticed an orc knight
  9847 | Orc:2    | Reached **** piety under Vehumet
  9852 | Orc:2    | Offered knowledge of Fireball by Vehumet.
  9859 | Orc:2    | Learned a level 5 spell: Fireball
  9894 | Orc:2    | Noticed an orc knight
  9915 | Orc:1    | Noticed a two-headed ogre
 10513 | Lair:1   | Entered Level 1 of the Lair of Beasts
 10671 | Lair:1   | Reached skill level 1 in Conjurations
 10684 | Lair:1   | Reached skill level 1 in Fire Magic
 11350 | Lair:2   | Reached skill level 12 in Fighting
 11381 | Lair:2   | Reached XP level 12. HP: 81/81 MP: 22/22
 11494 | Lair:2   | Found a staircase to the Shoals.
 11629 | Lair:2   | Noticed an eight-headed hydra
 11635 | Lair:2   | Killed an eight-headed hydra
 12163 | Lair:2   | Reached skill level 13 in Fighting
 12457 | Lair:3   | Found a staircase to the Snake Pit.
 12537 | Lair:3   | Found a gate leading to a gauntlet.
 12964 | Lair:3   | Noticed a death yak
 12964 | Lair:3   | Noticed a death yak
 12965 | Lair:3   | Noticed a death yak
 12978 | Lair:3   | Killed a death yak
 12980 | Lair:3   | Killed a death yak
 12982 | Lair:3   | Killed a death yak
 13050 | Lair:3   | Found a runed translucent door.
 13053 | Lair:3   | Noticed BlueFish's ghost (journeyman TeAE)
 13594 | Lair:4   | Reached ***** piety under Vehumet
 13598 | Lair:4   | Offered knowledge of Iskenderun's Battlesphere by Vehumet.
 13714 | Lair:4   | Found a staircase to the Slime Pits.
 14207 | Lair:4   | Reached skill level 14 in Fighting
 14412 | Lair:4   | Learned a level 5 spell: Iskenderun's Battlesphere
 14425 | Lair:5   | Entered Level 5 of the Lair of Beasts
 14425 | Lair:5   | Noticed a boulder beetle
 14434 | Lair:5   | Killed a boulder beetle
 14435 | Lair:5   | Reached XP level 13. HP: 29/90 MP: 10/24
 14887 | Lair:5   | Reached skill level 5 in Conjurations
 15381 | Lair:5   | Noticed a dire elephant
 15382 | Lair:5   | Noticed a dire elephant
 15383 | Lair:5   | Noticed a dire elephant
 15412 | Lair:5   | Reached skill level 5 in Fire Magic
 15751 | Lair:5   | Reached skill level 15 in Fighting
 16111 | Lair:5   | Killed a dire elephant
 16115 | Lair:5   | Mangled by a dire elephant

Illustrated notes

Levels and vault maps discovered:
D:1:      giann_wishing_wells, layout_loops_corners, serial_shops,
          nicolae_shop_hallway_plus, dreamdust_ecumenical_altar_statues
D:2:      minmay_chambers_of_ones, layout_basic, basic_altar, wad_orctagon
D:3:      layout_loops_ring, reono_crystal_passage, roderic_serpentine_path,
          lightli_corner_chamber, uniq_terence, uniq_jessica, uniq_ijyb
D:4:      kb_forest_paths, layout_loops_ring, serial_rivers,
          chequers_serial_rivers_small_b, chequers_serial_rivers_micro_d,
          chequers_serial_rivers_micro_a, chequers_serial_rivers_micro_d,
          chequers_serial_rivers_micro_a
D:5:      layout_gridville, nicolae_overflow_quartered_altars,
          minmay_manual_mess
D:6:      layout_loops_ring, marbit_many_paths, mainiacjoe_overflow_alcove_2,
          minmay_temple_entry_waves, serial_glass, glass_columns_b,
          glass_columns_c, minmay_misc_feat_tiny, minmay_increasing_density,
          uniq_blork_the_orc, uniq_prince_ribbit1
D:7:      layout_basic, nicolae_overflow_crystal_walls,
          mainiacjoe_overflow_24_doors, uniq_duvessa, uniq_menkaure, uniq_maggie
D:8:      layout_basic, nemelex_xobeh_ov_fountains_minmay, lair_entry_dummy,
          uniq_joseph
D:9:      layout_loops_ring, erik_orc_1
D:10:     layout_cave_pools, mainiacjoe_overflow_concentric_impassable,
          uniq_sonja, uniq_psyche
D:11:     layout_rooms, nicolae_lava_and_water
Temple:   nicolae_temple_ecumenical_triangle
Lair:1:   layout_cave_pods, pdpol_lair_neglected_garden
Lair:2:   layout_cave_pods, nicolae_shoals_entry_roost
Lair:3:   wander_river, layout_loops_ring, minmay_snake_entry_guardpost_small,
          ebering_ghost_inner_flame, gauntlet_entry_generic
Lair:4:   layout_regular_city, slime_entry_1, lemuel_old_faithful
Lair:5:   due_jungle_book, layout_regular_city, serial_bayou_shore_b,
          grunt_megastairs_1, serial_bayou_shore_a
Orc:1:    layout_diamond_mine
Orc:2:    st_orc_pillars, layout_caves, basic_altar, kennysheep_orc_sif_temple

Skill      XL: |  1  2  3  4  5  6  7  8  9 10 11 12 13 |
---------------+----------------------------------------+-----
Transmutations | 1 2 3 4 5 |  5.8
Earth Magic    | 4 5 6 7 8 9 |  9.2
Ice Magic      | 1 2 3 4 5 6 |  6.5
Spellcasting   | 3 4 5 6 7 8 |  8.5
Dodging        | 2 3 4 5 6 7 |  7.3
Short Blades   | 1 2 3 4 5 6 |  6.5
Fighting       | 2 6 9 12 14 15 | 15.1
Air Magic      | 2 3 4 |  4.8
Conjurations   | 1 4 6 |  6.1
Fire Magic     | 1 4 5 |  5.6
Stealth        | |  2.2

Action                   |  1- 3 |  4- 6 |  7- 9 | 10-12 | 13-15 || total
-------------------------+-------+-------+-------+-------+-------++-------
Melee: Dagger            |       |    13 |    12 |    31 |       ||    56
       Rapier            |       |       |       |    48 |    69 ||   117
       Punch             |       |       |       |     1 |       ||     1
 Cast: Sandblast         |    52 |    95 |   159 |   295 |     8 ||   609
       Frozen Ramparts   |       |       |     2 |    24 |    11 ||    37
       Stone Arrow       |       |       |       |    41 |    92 ||   133
       Hailstorm         |       |       |       |     4 |     1 ||     5
       Fireball          |       |       |       |     5 |     1 ||     6
       Iskenderun's Batt |       |       |       |     1 |     4 ||     5
Evoke: Wand              |       |       |     1 |     4 |       ||     5
  Use: Scroll            |       |    10 |       |    13 |     3 ||    26
       Potion            |       |       |     1 |     8 |     3 ||    12
Armor: Robe              |     3 |    14 |     8 |       |       ||    25
       Steam dragon scal |       |       |    37 |   158 |    82 ||   277
Dodge: Dodged            |    11 |    56 |   126 |   209 |    98 ||   500

Table legend: (Time is in decaauts)
 A = Elapsed time spent in this place.
 B = Non-inter-level travel time spent in this place.
 C = Inter-level travel time spent in this place.
 D = Time resting spent in this place.
 E = Time spent auto-exploring this place.
 F = Levels seen in this place.
 G = Mean time per level.
                   A        B        C        D        E       F      G
               +--------+--------+--------+--------+--------+-----+--------+
         Total |  16383 |  15655 |    728 |   1244 |  11719 |  19 |  862.3 |
       Dungeon |   9330 |   8800 |    530 |    289 |   7014 |  11 |  848.2 |
        Temple |    243 |    236 |      7 |      0 |    139 |   1 |  243.0 |
          Lair |   5681 |   5603 |     78 |    485 |   4202 |   5 | 1136.2 |
  Orcish Mines |   1128 |   1017 |    111 |    470 |    364 |   2 |  564.0 |
               +--------+--------+--------+--------+--------+-----+--------+

Top non-repeatable levels by time:
  Lair:5: 1686 daAuts
     D:9: 1339 daAuts
     D:1: 1211 daAuts
  Lair:3: 1158 daAuts
     D:2: 1143 daAuts
  Lair:2: 1116 daAuts
     D:3: 1065 daAuts
     D:6: 1043 daAuts
     D:4: 1018 daAuts
   Orc:1: 1013 daAuts
  Lair:4: 889 daAuts
  Lair:1: 830 daAuts
     D:5: 818 daAuts
     D:7: 757 daAuts
     D:8: 667 daAuts
